[Event "Titled Tuesday Blitz August 22 Early 2023"]
[White "Yurovskykh, Oleksandr"]
[Black "Galchenko, Matvey"]
[WhiteFideId "14134020"]
[BlackFideId "24175480"]
[WhiteElo "2579"]
[BlackElo "2845"]
[Result "0-1"]
[Round "5"]
[TimeControl "180+1"]
[Date "2023.08.22"]
[WhiteClock "0:00:10"]
[BlackClock "0:00:07"]
[Board "67"]

1. d4 Nf6 2. Nf3 c5 3. c3 g6 4. Bg5 Bg7 5. Nbd2 cxd4 6. cxd4 O-O 7. e3 d6 8. Be2 Nc6 9. O-O h6 10. Bh4 g5 11. Bg3 Nh5 12. Rc1 Nxg3 13. hxg3 e6 14. Qb3 a6 15. a3 Na5 16. Qb4 Re8 17. Nc4 Nxc4 18. Qxc4 Bd7 19. Qc7 Qxc7 20. Rxc7 Bc6 21. Rc1 Bf6 22. b4 Bd8 23. R7xc6 bxc6 24. Rxc6 a5 25. Rxd6 Be7 26. Rd7 axb4 27. axb4 Bxb4 28. Ne5 Ra1+ 29. Kh2 Re7 30. Rd8+ Kg7 31. Bh5 Rc7 32. Re8 Bd6 33. f4 Bxe5 34. dxe5 Re1 35. f5 exf5 36. e6 fxe6 37. Rxe6 Rcc1 38. Re7+ Kf6 39. Rf7+ Ke6 40. g4 Rh1+ 41. Kg3 Rxh5 42. Rxf5 Rhh1 43. Ra5 Rce1 44. Ra3 Ke5 45. Kf3 Rhf1+ 46. Kg3 Ke4 47. Ra6 Rh1 48. Re6+ Kd3 49. Kf2 Rhf1+ 50. Kg3 Rxe3+ 51. Kh2 Rxe6 52. Kg3 Rf4 53. Kh2 Rxg4 54. Kh3 Ree4 55. g3 h5 56. Kg2 Re3 57. Kf2 Rexg3 58. Kf1 Rf3+ 59. Ke1 Rg1# 0-1


[Site "https://www.chess.com"]

[Event "Titled Tuesday Blitz August 22 Early 2023"]
[White "Martinez Reyes, Pedro Ramon"]
[Black "Putnam, Liam"]
[WhiteFideId "3901807"]
[BlackFideId "30938279"]
[WhiteElo "2556"]
[BlackElo "2815"]
[Result "0-1"]
[Round "5"]
[TimeControl "180+1"]
[Date "2023.08.22"]
[WhiteClock "0:00:01"]
[BlackClock "0:00:05"]
[Board "68"]

1. d4 Nf6 2. c4 g6 3. Nc3 Bg7 4. e4 O-O 5. Bd3 d6 6. Nge2 Nc6 7. O-O e5 8. d5 Ne7 9. Rb1 a5 10. a3 Nh5 11. b4 f5 12. c5 Nf4 13. Bc2 axb4 14. axb4 fxe4 15. Bxe4 Bf5 16. Ng3 Bxe4 17. Ngxe4 Nf5 18. Be3 Qd7 19. Ng5 h6 20. Nge4 Nh4 21. Bxf4 exf4 22. f3 Nf5 23. Qd3 Ra3 24. Ra1 Rfa8 25. Rxa3 Rxa3 26. Qb5 c6 27. dxc6 bxc6 28. Qb8+ Kh7 29. Nb1 Ra2 30. cxd6 Ne3 31. Qc7 Rxg2+ 32. Kh1 Qf5 33. Rg1 Rxh2+ 34. Kxh2 Qh5# 0-1


[Site "https://www.chess.com"]

[Event "Titled Tuesday Blitz August 22 Early 2023"]
[White "Willy, Stephen"]
[Black "Starozhilov, Leonid"]
[WhiteFideId "30981468"]
[BlackFideId "14106752"]
[WhiteElo "2558"]
[BlackElo "2762"]
[Result "0-1"]
[Round "5"]
[TimeControl "180+1"]
[Date "2023.08.22"]
[WhiteClock "0:00:17"]
[BlackClock "0:01:10"]
[Board "69"]

1. e4 g6 2. d4 Bg7 3. Nc3 d6 4. f4 Nf6 5. Nf3 O-O 6. Be3 Nc6 7. h3 a6 8. e5 Nh5 9. Kf2 f6 10. g4 Nxf4 11. Bxf4 fxe5 12. Bg3 exd4 13. Ne2 e5 14. Kg2 Be6 15. Nd2 Bd5+ 16. Kh2 Bxh1 17. Kxh1 d5 18. Bg2 e4 19. Nb3 Be5 20. Bxe5 Nxe5 21. Qxd4 Nf3 22. Qc3 Qd6 0-1


[Site "https://www.chess.com"]

[Event "Titled Tuesday Blitz August 22 Early 2023"]
[White "Leiva, Gianmarco"]
[Black "Postlmayer, Jakob"]
[WhiteFideId "3804399"]
[BlackFideId "1643622"]
[WhiteElo "2735"]
[BlackElo "2553"]
[Result "1-0"]
[Round "5"]
[TimeControl "180+1"]
[Date "2023.08.22"]
[WhiteClock "0:00:20"]
[BlackClock "0:00:28"]
[Board "70"]

1. e4 c6 2. d3 d5 3. Nf3 dxe4 4. dxe4 Qxd1+ 5. Kxd1 Nf6 6. Nfd2 h5 7. f3 g5 8. Nc4 g4 9. c3 Be6 10. Be3 Nbd7 11. Nbd2 Bh6 12. Ke2 O-O-O 13. a4 b6 14. b4 Kb7 15. a5 b5 16. a6+ Kc7 17. Nb2 Bxe3 18. Kxe3 gxf3 19. gxf3 Ne5 20. Nd3 Nfd7 21. Nf4 Nb6 22. Nxe6+ fxe6 23. Be2 Rhg8 24. Rhg1 Nec4+ 25. Nxc4 Nxc4+ 26. Bxc4 bxc4 27. Rxg8 Rxg8 28. Ra5 Rd8 29. Rxh5 Rd3+ 30. Kf4 Rxc3 31. Rc5 Kd6 32. e5+ Kc7 33. b5 Kb6 34. bxc6 Kc7 35. h4 Rc1 36. Kg5 c3 37. Kg6 c2 38. Kf7 Re1 39. Rxc2 Rxe5 40. Rh2 Rf5+ 41. Kxe7 Rxf3 42. h5 Rg3 43. h6 Rg8 44. Kf7 Rh8 45. Kg7 Rc8 46. h7 e5 47. h8=Q Rxh8 48. Rxh8 Kxc6 49. Kf6 e4 50. Ke5 e3 51. Kd4 Kb5 52. Kxe3 Kxa6 53. Kd4 Kb5 54. Rb8+ Ka4 55. Kc4 a5 56. Ra8 1-0


[Site "https://www.chess.com"]

[Event "Titled Tuesday Blitz August 22 Early 2023"]
[White "Matinian, Nikita"]
[Black "Budrewicz, Krzysztof"]
[WhiteFideId "24129100"]
[BlackFideId "1127950"]
[WhiteElo "2713"]
[BlackElo "2546"]
[Result "1-0"]
[Round "5"]
[TimeControl "180+1"]
[Date "2023.08.22"]
[WhiteClock "0:00:04"]
[BlackClock "0:00:00"]
[Board "71"]

1. e4 e5 2. Nf3 Nc6 3. Bb5 a6 4. Ba4 Nge7 5. c3 Ng6 6. d4 b5 7. Bb3 Be7 8. h4 h5 9. Ng5 Bxg5 10. Bxg5 f6 11. Be3 Na5 12. Bc2 Nc4 13. Nd2 Nxe3 14. fxe3 Qe7 15. a4 Bb7 16. axb5 axb5 17. Rxa8+ Bxa8 18. b4 d6 19. Bd3 c6 20. Qf3 Bb7 21. Nb3 Bc8 22. Na5 Bg4 23. Qf1 Qc7 24. Nxc6 O-O 25. Bxb5 Ra8 26. Qc4+ Kh7 27. Na5 Qd8 28. Bc6 Rb8 29. Kd2 f5 30. exf5 Bxf5 31. Qf7 Qc8 32. Rf1 Be6 33. Qf3 Bg4 34. Qe4 Kh6 35. g3 Ne7 36. Rf7 Qe6 37. Rf2 Qa2+ 38. Qc2 Qe6 39. Be4 d5 40. Bd3 e4 41. Be2 Bxe2 42. Rxe2 Nf5 43. Rg2 Rf8 44. Kc1 Kh7 45. Qd2 Nh6 46. Kb2 Ng4 47. Re2 Qd6 48. c4 dxc4 49. Nxc4 Qxg3 50. d5 Rb8 51. d6 Nf6 52. Rg2 Qxh4 53. d7 Ng4 54. Qd5 Kh6 55. Qxe4 Qf6+ 56. Qd4 Rxb4+ 57. Kc3 Qxd4+ 58. exd4 Rb8 59. Ne5 Rd8 60. Nf7+ Kg6 61. Nxd8 1-0


[Site "https://www.chess.com"]

[Event "Titled Tuesday Blitz August 22 Early 2023"]
[White "Shoker, Samy"]
[Black "Vovk, Orest"]
[WhiteFideId "627143"]
[BlackFideId "14113490"]
[WhiteElo "2708"]
[BlackElo "2539"]
[Result "1-0"]
[Round "5"]
[TimeControl "180+1"]
[Date "2023.08.22"]
[WhiteClock "0:00:44"]
[BlackClock "0:00:00"]
[Board "73"]

1. c4 g5 2. h4 g4 3. h5 g3 4. fxg3 Bg7 5. d4 c5 6. e3 Nc6 7. d5 Ne5 8. Nh3 Nf6 9. Nf4 Ne4 10. h6 Bf6 11. Nh5 Bg5 12. Bd3 Nf6 13. Nc3 d6 14. Nxf6+ Bxf6 15. Be2 Bf5 16. e4 Bd7 17. Bf4 Qa5 18. Qd2 Qb4 19. Nb5 Bxb5 20. Qxb4 cxb4 21. cxb5 Rc8 22. Rc1 Rxc1+ 23. Bxc1 Kd7 24. Bd2 b3 25. axb3 Rc8 26. Bc3 Rg8 27. Kf2 Ng4+ 28. Bxg4+ Rxg4 29. Bxf6 exf6 30. Kf3 f5 31. exf5 Rb4 32. Ra1 Rxb3+ 33. Kg4 Rxb2 34. Rxa7 Rxb5 35. Kg5 Ke7 36. g4 f6+ 37. Kh5 Rb1 38. g5 fxg5 39. Kxg5 Kf7 40. g4 Rb5 41. Kh5 Rb1 42. Kg5 Rb5 43. Ra8 Rxd5 44. Rh8 1-0


[Site "https://www.chess.com"]

[Event "Titled Tuesday Blitz August 22 Early 2023"]
[White "Portela Peleteiro, Alberto"]
[Black "Timmermans, Mark"]
[WhiteFideId "22276106"]
[BlackFideId "1026399"]
[WhiteElo "2538"]
[BlackElo "2704"]
[Result "1-0"]
[Round "5"]
[TimeControl "180+1"]
[Date "2023.08.22"]
[WhiteClock "0:01:13"]
[BlackClock "0:00:54"]
[Board "74"]

1. e4 e5 2. Bc4 Nf6 3. d3 c6 4. Nf3 d5 5. Bb3 Bd6 6. O-O O-O 7. exd5 cxd5 8. Bg5 Be6 9. Nc3 Bc7 10. Re1 Nc6 11. Bxf6 gxf6 12. Nh4 Kh8 13. Ne2 Rg8 14. Ng3 Ba5 15. c3 d4 16. Rc1 Rg5 17. Qf3 dxc3 18. bxc3 Rg7 19. Nhf5 Rg6 20. Ne4 Bxf5 21. Qxf5 Ne7 22. Qf3 Kg7 23. Ng3 Qd6 24. d4 Nc6 25. Nf5+ 1-0


[Site "https://www.chess.com"]

[Event "Titled Tuesday Blitz August 22 Early 2023"]
[White "GaiozNigalidze"]
[Black "Shvedova, Alexandra"]
[BlackFideId "54154782"]
[WhiteElo "2694"]
[BlackElo "2536"]
[Result "0-1"]
[Round "5"]
[TimeControl "180+1"]
[Date "2023.08.22"]
[WhiteClock "0:00:06"]
[BlackClock "0:00:18"]
[Board "75"]

1. Nf3 Nf6 2. c4 e6 3. d4 d5 4. Nc3 dxc4 5. e3 a6 6. a4 c5 7. Bxc4 Nc6 8. O-O cxd4 9. exd4 Be7 10. Ba2 O-O 11. Bg5 Nb4 12. Bb1 Nbd5 13. Qd3 Nb4 14. Qe2 Nbd5 15. Ne5 Re8 16. Qd3 g6 17. Re1 Nxc3 18. bxc3 Nd5 19. Bxe7 Qxe7 20. Ba2 Nf6 21. Qf3 Kg7 22. Re3 Qc7 23. Qf4 Nh5 24. Qf3 Nf6 25. Qf4 Nh5 26. Qh4 Qd8 27. Qe4 Nf6 28. Qd3 Bd7 29. Rh3 Bc6 30. Qe3 h5 31. f3 Bd5 32. c4 Bc6 33. Rg3 Rg8 34. h4 Qc7 35. Qg5 Qe7 36. Re1 Rac8 37. d5 Bxa4 38. d6 Qd8 39. Nxg6 fxg6 40. Qxg6+ Kf8 41. Qh6+ Kf7 42. Rxg8 Qxg8 43. c5 Bd7 44. Qe3 Qg3 45. Bxe6+ Kf8 46. Bxd7 Nxd7 47. Qe7+ Kg8 48. Qe6+ Kf8 49. Qe7+ Kg8 50. Rc1 Nxc5 51. Qg5+ Qxg5 52. hxg5 Kf7 53. d7 Rd8 54. Rxc5 Rxd7 55. Kf2 Kg6 56. f4 b5 57. Rc6+ Kf5 58. g3 Rd2+ 59. Ke3 Ra2 60. Rf6+ Kg4 61. g6 Ra3+ 62. Ke4 Rxg3 63. f5 Kh3 64. Rf7 b4 65. Rh7 b3 66. Rxh5+ Kg2 67. Rh8 a5 68. Rb8 a4 69. Ke5 a3 70. g7 a2 71. Rxb3 a1=Q+ 72. Kf4 Qxg7 73. Rb2+ Kh3 0-1


[Site "https://www.chess.com"]

[Event "Titled Tuesday Blitz August 22 Early 2023"]
[White "Dehtiarov, Roman"]
[Black "Al-Tarboush, Ward"]
[WhiteFideId "14186640"]
[BlackFideId "7601450"]
[WhiteElo "2694"]
[BlackElo "2526"]
[Result "1/2-1/2"]
[Round "5"]
[TimeControl "180+1"]
[Date "2023.08.22"]
[WhiteClock "0:00:07"]
[BlackClock "0:00:11"]
[Board "76"]

1. d4 d5 2. c4 c6 3. Nf3 Nf6 4. Nc3 dxc4 5. a4 Bf5 6. e3 e6 7. Bxc4 Bb4 8. O-O Nbd7 9. Bd3 Bxd3 10. Qxd3 O-O 11. Bd2 Qe7 12. e4 e5 13. dxe5 Nxe5 14. Nxe5 Qxe5 15. f4 Qe7 16. e5 Rad8 17. Qe2 Bxc3 18. bxc3 Rfe8 19. Be3 Nd5 20. c4 Nxe3 21. Qxe3 c5 22. Rfd1 h6 23. Rd5 b6 24. Rad1 Ra8 25. Qe4 Qe6 26. f5 Qc6 27. f6 Qxf6 28. h3 Qg5 29. Kh2 h5 30. Qf3 Rxe5 31. Rd7 Rf8 32. Rf1 Re3 33. Qf5 Qg3+ 34. Kh1 Re2 35. Qf3 Qxf3 36. Rxf3 a5 37. Rb3 Rb8 38. Rd5 h4 39. Rxc5 Rc2 40. Rc6 Re8 41. Rb1 Ree2 42. Rg1 Rb2 43. c5 Re6 44. Rxe6 fxe6 45. cxb6 Rxb6 46. Re1 Rb4 47. Rxe6 Rxa4 48. Re7 Ra1+ 49. Kh2 Ra4 50. Ra7 Kh7 51. Ra6 g6 52. Ra7+ Kh6 53. Ra8 Ra1 54. Ra6 a4 55. Ra5 a3 56. Ra4 g5 57. Ra6+ Kg7 58. Ra7+ Kf6 59. Ra5 Ra2 60. Kh1 Ra1+ 61. Kh2 Ra2 62. Kh1 Kg6 63. Kh2 Kh5 64. Ra6 Ra1 65. Ra5 Ra2 66. Ra6 Ra1 67. Ra5 a2 68. Ra6 g4 69. Ra5+ Kg6 70. hxg4 Kh6 71. Rh5+ Kg6 72. Ra5 Kf6 73. Ra6+ Kg5 74. Ra4 Kh6 75. Ra5 Kg6 76. Ra6+ Kg5 77. Ra4 Kf6 78. Ra5 Ke6 79. Ra6+ Ke5 80. Ra4 Kd5 81. Ra5+ Ke4 82. g5 Rf1 83. Rxa2 Kf5 84. Ra5+ Kg6 85. Kh3 Rf4 86. Rb5 Ra4 87. Rc5 Rb4 88. Rd5 Ra4 89. Rd8 Kxg5 90. Rg8+ Kh5 91. Rh8+ Kg5 92. Rg8+ Kh5 93. Rb8 Ra3+ 94. Kh2 Rg3 95. Rb5+ Rg5 96. Rb4 Ra5 97. Kh3 Ra3+ 98. Kh2 Ra5 99. Rc4 Rf5 100. Kh3 Kg5 101. Rg4+ Kf6 102. Kxh4 Rf1 103. Rb4 Rh1+ 104. Kg4 Rh8 105. Rb6+ Kf7 106. Kg5 Rg8+ 107. Kf5 Rxg2 108. Rb7+ Kf8 109. Kf6 Rf2+ 110. Kg6 Rg2+ 111. Kf6 Rf2+ 112. Ke5 Re2+ 113. Kf4 Re7 114. Rb6 Kf7 115. Kf5 Rc7 116. Ke5 Re7+ 117. Kf5 Rc7 118. Rh6 Rc5+ 119. Ke4 Rg5 120. Kf4 Rg1 121. Ke5 Rg6 122. Rh7+ Rg7 123. Rh1 Rg5+ 124. Kf4 Ra5 125. Rb1 Ra4+ 126. Ke5 Ra5+ 127. Kd6 1/2-1/2


[Site "https://www.chess.com"]

[Event "Titled Tuesday Blitz August 22 Early 2023"]
[White "Jovic, Stanoje"]
[Black "KarolKacprzak"]
[WhiteFideId "905020"]
[WhiteElo "2535"]
[BlackElo "2686"]
[Result "0-1"]
[Round "5"]
[TimeControl "180+1"]
[Date "2023.08.22"]
[WhiteClock "0:00:00"]
[BlackClock "0:00:37"]
[Board "77"]

1. c4 c5 2. g3 g6 3. Bg2 Bg7 4. Nc3 Nc6 5. Nf3 d6 6. O-O e6 7. d3 Nge7 8. Bd2 b6 9. a3 Bb7 10. Rb1 O-O 11. b4 Qd7 12. b5 Ne5 13. Nxe5 dxe5 14. Bxb7 Qxb7 15. a4 h6 16. a5 f5 17. Qc1 Kh7 18. Qc2 g5 19. Ra1 Ng6 20. Ra4 g4 21. Rfa1 e4 22. axb6 exd3 23. exd3 axb6 24. Rxa8 Rxa8 25. Rxa8 Qxa8 26. Ne2 Ne5 27. Bc3 Nf3+ 28. Kf1 Nxh2+ 29. Kg1 Nf3+ 30. Kf1 Bxc3 31. Qxc3 Qa4 32. Qc1 Qb3 33. Nc3 Qb4 34. Kg2 Qa5 35. Ne2 Qa8 36. Kf1 Nd4 37. Ng1 Qh1 38. Qf4 Nf3 0-1


[Site "https://www.chess.com"]

[Event "Titled Tuesday Blitz August 22 Early 2023"]
[White "Hua, Lefong"]
[Black "matenitian"]
[WhiteFideId "2602253"]
[WhiteElo "2683"]
[BlackElo "2515"]
[Result "1-0"]
[Round "5"]
[TimeControl "180+1"]
[Date "2023.08.22"]
[WhiteClock "0:00:45"]
[BlackClock "0:00:21"]
[Board "78"]

1. d4 Nf6 2. c4 c5 3. d5 b5 4. cxb5 a6 5. b6 g6 6. Nc3 Bg7 7. a4 Qxb6 8. a5 Qc7 9. e4 O-O 10. Bc4 e6 11. Nge2 exd5 12. exd5 d6 13. O-O Bf5 14. Ng3 Bg4 15. Qc2 Re8 16. h3 Bc8 17. Bf4 Bb7 18. Nge4 Nxe4 19. Nxe4 Rd8 20. Rfe1 h6 21. g4 Bc8 22. Nxd6 Bf8 23. Nxf7 Qxf4 24. Qxg6+ Bg7 25. Nxd8 Bd7 26. Re7 Qf6 27. d6+ Kf8 28. Rf7+ 1-0


[Site "https://www.chess.com"]

[Event "Titled Tuesday Blitz August 22 Early 2023"]
[White "Jaskolka, Tomasz"]
[Black "Korchmar, Vasiliy"]
[WhiteFideId "1170791"]
[BlackFideId "24131750"]
[WhiteElo "2526"]
[BlackElo "2681"]
[Result "1-0"]
[Round "5"]
[TimeControl "180+1"]
[Date "2023.08.22"]
[WhiteClock "0:00:08"]
[BlackClock "0:00:02"]
[Board "79"]

1. e4 c5 2. Nf3 d6 3. Bb5+ Nd7 4. a4 a6 5. Bc4 e6 6. Nc3 Ngf6 7. d4 cxd4 8. Qxd4 Be7 9. O-O b6 10. e5 dxe5 11. Nxe5 Bc5 12. Qf4 Bd6 13. Nxf7 Bxf4 14. Nxd8 Bxc1 15. Nxe6 Bxb2 16. Nxg7+ Kd8 17. Ne6+ Ke7 18. Rae1 Bxc3 19. Re3 Ne5 20. Nc7 Ra7 21. Nd5+ Nxd5 22. Bxd5 Kd6 23. Rd1 Be6 24. Bxe6+ Kxe6 25. Rxc3 Rd7 26. Re1 Kf6 27. f4 Nf7 28. Rce3 Rd6 29. g4 Rhd8 30. Kg2 Rd2+ 31. Kg3 Rxc2 32. Re6+ Kg7 33. g5 Rd3+ 34. Kg4 Rg2+ 35. Kf5 Rxh2 36. Rxb6 Rd5+ 37. Ke6 Rhd2 38. Rb7 Rd6+ 39. Kf5 Rd7 40. Rb6 R2d6 41. Re6 Rxb6 42. Rxb6 Ra7 43. a5 Nd8 44. Kg4 Nb7 45. f5 Nxa5 46. f6+ Kg6 47. Rb8 Nc4 48. Rg8+ Kf7 49. Rg7+ Kf8 50. Rxa7 Ne5+ 51. Kf5 1-0


[Site "https://www.chess.com"]

[Event "Titled Tuesday Blitz August 22 Early 2023"]
[White "Pert, Richard G"]
[Black "Sanduleac, Vasile"]
[WhiteFideId "404748"]
[BlackFideId "13900161"]
[WhiteElo "2678"]
[BlackElo "2512"]
[Result "1-0"]
[Round "5"]
[TimeControl "180+1"]
[Date "2023.08.22"]
[WhiteClock "0:00:17"]
[BlackClock "0:01:08"]
[Board "80"]

1. d4 d6 2. e4 g6 3. Nc3 Bg7 4. Be3 Nd7 5. Nf3 a6 6. Bd3 b5 7. e5 Bb7 8. e6 fxe6 9. Ng5 Nf8 10. O-O Nf6 11. a4 b4 12. Na2 a5 13. c3 bxc3 14. Nxc3 Qd7 15. Qb3 Bc6 16. Rac1 h6 17. Nge4 Nxe4 18. Nxe4 Bxe4 19. Bxe4 d5 20. Bd3 Kf7 21. Qb7 Qc8 22. Rxc7 Qxb7 23. Rxb7 Bf6 24. Rc1 g5 25. Rc6 Ng6 26. Bxg6+ Kxg6 27. Rxe6 Kf7 28. Rc6 Rhc8 29. Rxc8 Rxc8 30. g4 Rc4 31. b3 Rc3 32. Rb5 Ke6 33. Kg2 Rd3 34. Rxa5 Rxb3 35. Rb5 Rd3 36. Rb6+ Kf7 37. Rb4 Ra3 38. h3 e5 39. Rb7+ Ke8 40. dxe5 Bxe5 41. Bc5 Rc3 42. Bb4 Rc4 43. Re7+ Kd8 44. Rxe5 Rxb4 45. Rxd5+ Ke7 46. a5 Ke6 47. Rc5 Ra4 48. Rc6+ Kf7 49. Rxh6 Rxa5 50. Rh5 Kg6 51. h4 1-0


[Site "https://www.chess.com"]

[Event "Titled Tuesday Blitz August 22 Early 2023"]
[White "Miszler, Levente"]
[Black "Gubajdullin, Alexei"]
[WhiteFideId "763276"]
[BlackFideId "4141202"]
[WhiteElo "2502"]
[BlackElo "2663"]
[Result "0-1"]
[Round "5"]
[TimeControl "180+1"]
[Date "2023.08.22"]
[WhiteClock "0:02:09"]
[BlackClock "0:01:17"]
[Board "81"]

1. c4 Nf6 2. g3 g6 3. Bg2 Bg7 4. Nf3 O-O 5. O-O d6 6. Nc3 Nc6 7. d3 Nh5 8. Rb1 f5 9. Bg5 h6 10. Bd2 f4 11. b4 Bg4 12. b5 Nd4 13. Nxd4 Bxd4 14. Ne4 Qd7 15. Qe1 Rf7 16. a4 Raf8 17. Bc3 Bxc3 18. Qxc3 Bxe2 19. Rfe1 f3 20. Bh1 Nf4 21. gxf4 Rxf4 22. Ng3 Qh3 23. Qd2 Rh4 24. Rxe2 Qxh2+ 25. Kf1 Qxh1+ 26. Nxh1 Rxh1# 0-1


[Site "https://www.chess.com"]

[Event "Titled Tuesday Blitz August 22 Early 2023"]
[White "Eynullayev, Atilla"]
[Black "szachmistrz2500"]
[WhiteFideId "13413570"]
[WhiteElo "2656"]
[BlackElo "2490"]
[Result "0-1"]
[Round "5"]
[TimeControl "180+1"]
[Date "2023.08.22"]
[WhiteClock "0:00:00"]
[BlackClock "0:00:10"]
[Board "82"]

1. d4 Nf6 2. c4 g6 3. Nc3 Bg7 4. e4 d6 5. Be2 Nbd7 6. Be3 e5 7. d5 Nc5 8. f3 a5 9. g4 h5 10. g5 Nfd7 11. Qd2 a4 12. h4 b6 13. Nh3 Qe7 14. Nf2 Nb8 15. Nb5 Nba6 16. O-O-O Bd7 17. Kb1 O-O 18. Rdg1 Rfd8 19. Nd1 c6 20. Nbc3 Nc7 21. dxc6 Bxc6 22. Nd5 Nxd5 23. cxd5 Bd7 24. Nc3 Qe8 25. Rc1 Rdc8 26. Rc2 b5 27. Rhc1 b4 28. Nd1 b3 29. Rc3 bxa2+ 30. Kxa2 Nb3 31. Rxc8 Bxc8 32. Qb4 Nxc1+ 33. Bxc1 Ba6 34. Bxa6 Rxa6 35. Nc3 Bf8 36. Ka3 Qc8 37. Be3 Be7 38. Nxa4 Qc2 39. b3 Qc7 40. Qc4 Qb7 41. b4 Bd8 42. b5 Ra8 43. Qc6 Qb8 44. b6 Ra5 45. b7 Bc7 46. Kb4 Ra8 0-1


[Site "https://www.chess.com"]

[Event "Titled Tuesday Blitz August 22 Early 2023"]
[White "Marn, Jan"]
[Black "Rakhimzhan_Alen"]
[WhiteFideId "14619245"]
[WhiteElo "2483"]
[BlackElo "2655"]
[Result "1-0"]
[Round "5"]
[TimeControl "180+1"]
[Date "2023.08.22"]
[WhiteClock "0:00:05"]
[BlackClock "0:00:01"]
[Board "83"]

1. d4 d5 2. Nf3 Nf6 3. e3 c5 4. dxc5 Qa5+ 5. Nbd2 Qxc5 6. a3 Qc7 7. b4 a5 8. b5 g6 9. Bb2 Bg7 10. c4 O-O 11. Rc1 Qd8 12. c5 a4 13. Be2 Nbd7 14. O-O b6 15. c6 Nc5 16. Ne5 Bf5 17. Ndf3 Nb3 18. Nd4 Nxc1 19. Qxc1 Ne4 20. f4 Nc5 21. Nxf5 gxf5 22. Qc2 e6 23. Bd4 Nb3 24. Rd1 Nxd4 25. exd4 Qc7 26. Re1 Kh8 27. Bh5 f6 28. Nd3 Qd6 29. Qc3 Rfc8 30. Qb4 Bf8 31. Qxd6 Bxd6 32. Rxe6 Bxa3 33. Rxf6 Be7 34. Rf7 a3 35. Nc1 Bd6 36. g3 Rc7 37. Rxf5 a2 38. Nxa2 Rxa2 39. Rxd5 Be7 40. Re5 Kg7 41. d5 Bc5+ 42. Kf1 Rb2 43. Be2 Ra7 44. Re6 Kf7 45. Kg2 Raa2 46. Kf3 Ra7 47. h4 Rb3+ 48. Kg4 Rb2 49. Kf5 Rd2 50. Bh5+ Kg7 51. Bf3 Rc2 52. Be4 Rd2 53. g4 Kf8 54. g5 Rf7+ 55. Kg4 Rf2 56. f5 Re7 57. f6 Rxe6 58. dxe6 Bd6 59. Bxh7 Rf4+ 60. Kh5 Rb4 61. e7+ Bxe7 62. fxe7+ Kxe7 63. g6 Rxb5+ 64. Kh6 Rc5 65. g7 Rxc6+ 66. Bg6 Rc8 67. Kh7 Kf6 68. h5 Rc7 69. h6 b5 70. Bb1 b4 71. Kh8 Kg5 72. h7 Kh6 73. g8=Q Rxh7+ 74. Qxh7+ 1-0


[Site "https://www.chess.com"]

[Event "Titled Tuesday Blitz August 22 Early 2023"]
[White "WindWhistler11"]
[Black "Agibileg, Uurtsaikh"]
[BlackFideId "4901606"]
[WhiteElo "2459"]
[BlackElo "2641"]
[Result "1-0"]
[Round "5"]
[TimeControl "180+1"]
[Date "2023.08.22"]
[WhiteClock "0:00:08"]
[BlackClock "0:00:00"]
[Board "84"]

1. Nf3 Nf6 2. g3 g6 3. d4 Bg7 4. b3 O-O 5. Bb2 b6 6. Bg2 Bb7 7. O-O d6 8. Qc1 Nbd7 9. c4 e6 10. Nc3 c5 11. Rd1 Qe7 12. Qc2 a6 13. Rd2 cxd4 14. Nxd4 Bxg2 15. Kxg2 Rfc8 16. Rad1 d5 17. Nf3 dxc4 18. Ne4 cxb3 19. Qxb3 b5 20. Rxd7 Nxd7 21. Bxg7 Kxg7 22. Rxd7 Qxd7 23. Qb2+ Kh6 24. Ne5 Qb7 25. Ng4+ Kh5 26. Nf6+ Kh6 27. Ng4+ Kh5 28. f3 Qxe4 29. Nf6+ Kh6 30. fxe4 g5 31. Ng4+ Kh5 32. Qg7 Kxg4 33. h3+ 1-0


[Site "https://www.chess.com"]

[Event "Titled Tuesday Blitz August 22 Early 2023"]
[White "Zeck_CH"]
[Black "Sipila, Vilka"]
[BlackFideId "505455"]
[WhiteElo "2459"]
[BlackElo "2630"]
[Result "0-1"]
[Round "5"]
[TimeControl "180+1"]
[Date "2023.08.22"]
[WhiteClock "0:00:02"]
[BlackClock "0:00:32"]
[Board "85"]

1. e4 d5 2. exd5 Qxd5 3. Nc3 Qa5 4. Bc4 Nf6 5. h3 e6 6. d3 Bb4 7. Bd2 Nd5 8. Nge2 O-O 9. a3 Bxc3 10. Nxc3 Nb6 11. Bb3 Qe5+ 12. Qe2 Qxe2+ 13. Nxe2 e5 14. O-O Nc6 15. Bc3 Re8 16. Rae1 Be6 17. Bxe6 Rxe6 18. f4 e4 19. f5 Ree8 20. Nf4 exd3 21. cxd3 f6 22. Ne6 Nd5 23. Re4 Re7 24. Rg4 Nd8 25. Re1 Nxe6 26. fxe6 Rae8 27. Rge4 c6 28. g4 Nc7 29. Rb4 Nxe6 30. Rbe4 Kf7 31. h4 Nc7 32. Rxe7+ Rxe7 33. Rf1 Re3 34. g5 Nd5 35. gxf6 gxf6 36. Bd4 Rxd3 37. Bxa7 Rb3 38. Rf2 b6 39. Bb8 Kg6 40. Kh2 Kh5 41. Bg3 Kg4 42. Rg2 Ne3 43. Rf2 f5 44. Bf4 Nd1 45. Rd2 Rxb2 46. Rxb2 Nxb2 47. Bc7 b5 48. Kg2 Nc4 49. Bd8 Nxa3 0-1


[Site "https://www.chess.com"]

[Event "Titled Tuesday Blitz August 22 Early 2023"]
[White "Rangel, Daniel"]
[Black "Mendez Fortes, Eduardo Jesus"]
[WhiteFideId "2124475"]
[BlackFideId "3502376"]
[WhiteElo "2449"]
[BlackElo "2627"]
[Result "0-1"]
[Round "5"]
[TimeControl "180+1"]
[Date "2023.08.22"]
[WhiteClock "0:00:28"]
[BlackClock "0:00:14"]
[Board "86"]

1. d4 Nf6 2. c4 e6 3. Nf3 d5 4. g3 dxc4 5. Bg2 a6 6. a4 Nc6 7. O-O Rb8 8. Qc2 Na5 9. Bf4 Bd6 10. Nbd2 Bxf4 11. gxf4 Nd5 12. e3 c6 13. Nxc4 Nxc4 14. Qxc4 a5 15. Kh1 O-O 16. Rg1 Nb4 17. Qe2 b6 18. Ne5 Qe8 19. Be4 f6 20. Nd3 Ba6 21. Qd2 f5 22. Nxb4 axb4 23. Bf3 c5 24. a5 bxa5 25. Rxa5 Bb7 26. Bxb7 Rxb7 27. Rxc5 Qa8 28. f3 Ra7 29. Qg2 g6 30. h4 Ra2 31. h5 Rf7 32. Rgc1 Kg7 33. d5 Ra1 34. dxe6 Re7 35. b3 Rxc1+ 36. Rxc1 Qa6 37. Qb2+ Kh6 38. Qf6 Qxe6 39. Qg5+ Kg7 40. h6+ Kf7 41. Re1 Qxb3 42. Qg1 Qc3 43. e4 Qxf3+ 44. Kh2 Qh5+ 45. Kg3 Qg4+ 46. Kh2 Qxg1+ 47. Kxg1 Rxe4 48. Rc1 Re7 49. Kf2 Rb7 50. Rb1 b3 51. Ke3 Kf6 52. Kd3 g5 53. fxg5+ Kxg5 54. Rg1+ Kf6 55. Kd2 b2 56. Kc2 b1=Q+ 57. Rxb1 Rxb1 58. Kxb1 Kg6 59. Kc2 Kxh6 60. Kd3 Kg5 61. Ke3 h5 62. Kf3 h4 63. Kg2 Kg4 64. Kh2 f4 65. Kh1 Kg3 66. Kg1 h3 67. Kh1 Kf2 68. Kh2 Ke2 69. Kxh3 f3 70. Kh2 f2 71. Kg3 f1=Q 72. Kh2 Qf4+ 73. Kg1 Kf3 74. Kf1 Qc1# 0-1


[Site "https://www.chess.com"]

[Event "Titled Tuesday Blitz August 22 Early 2023"]
[White "Begunov, Konstantin"]
[Black "Zarubitski, Viachaslau"]
[WhiteFideId "4118510"]
[BlackFideId "13509373"]
[WhiteElo "2447"]
[BlackElo "2625"]
[Result "0-1"]
[Round "5"]
[TimeControl "180+1"]
[Date "2023.08.22"]
[WhiteClock "0:00:10"]
[BlackClock "0:00:30"]
[Board "87"]

1. d4 Nf6 2. c4 Nc6 3. Nc3 e5 4. Nf3 exd4 5. Nxd4 Bb4 6. Nxc6 Bxc3+ 7. bxc3 bxc6 8. Bg5 Qe7 9. Qd4 d6 10. e3 c5 11. Bxf6 gxf6 12. Qh4 Qe5 13. Rc1 Rb8 14. Bd3 Bb7 15. O-O Ke7 16. g3 Bf3 17. Qf4 Bc6 18. Rb1 Qxc3 19. Rxb8 Rxb8 20. Be4 Bd7 21. Bd5 Qe5 22. Qh6 c6 23. Bf3 Rb4 24. Qxh7 Rxc4 25. Rd1 Ra4 26. Qg8 Rxa2 27. Bh5 Qxh5 28. Qb8 Qxd1+ 29. Kg2 Qd5+ 0-1


[Site "https://www.chess.com"]

[Event "Titled Tuesday Blitz August 22 Early 2023"]
[White "Miguelitro69"]
[Black "Aslanov, Umid"]
[BlackFideId "13412620"]
[WhiteElo "2263"]
[BlackElo "2624"]
[Result "1-0"]
[Round "5"]
[TimeControl "180+1"]
[Date "2023.08.22"]
[WhiteClock "0:00:15"]
[BlackClock "0:00:00"]
[Board "88"]

1. e4 c5 2. Nf3 d6 3. d4 cxd4 4. Nxd4 Nf6 5. Nc3 a6 6. Bc4 e6 7. Be3 b5 8. Bb3 Be7 9. f3 O-O 10. Qd2 Qc7 11. O-O-O Nbd7 12. Bxe6 fxe6 13. Nxe6 Qa5 14. Nxf8 Bxf8 15. Kb1 Ne5 16. Bd4 Nc4 17. Qc1 Ne8 18. Nd5 Be6 19. Bc3 Qd8 20. b3 Bxd5 21. Rxd5 Nb6 22. Rd3 Rc8 23. Ba5 Qc7 24. Rc3 Qb7 25. Rxc8 Nxc8 26. Qd2 Ne7 27. Rd1 h6 28. h4 Kh8 29. Bc3 Nc6 30. Qxh6+ Kg8 31. Qe6+ Qf7 32. Qc8 Nc7 33. Rxd6 Na7 34. Qb8 Qe7 35. Rd8 Ne6 36. Re8 Qc5 37. Qe5 Qxe5 38. Bxe5 Kf7 39. Ra8 Nc6 40. Bc3 Nc7 41. Rc8 Bd6 42. e5 Nxe5 43. Rd8 Ke7 44. Bxe5 Bxe5 45. Rh8 Nd5 46. Rh5 Ke6 47. Rg5 Nc3+ 48. Kc1 Bf4+ 49. Kb2 Bxg5 50. hxg5 Nd1+ 51. Ka3 Ne3 52. Kb4 1-0


[Site "https://www.chess.com"]